 Dungeon Crawl Stone Soup version 0.26.1-2-gb8aa6d0cf2 (webtiles) character file.

Game seed: 2139838468302158879

561 dohliylev the Chopper (level 7, 0/61 HPs)
             Began as a Minotaur Berserker on Mar 27, 2021.
             Was a Priest of Trog.
             Succumbed to a gnoll's poison
             ... on level 4 of the Dungeon.
             The game lasted 00:04:06 (3127 turns).

dohliylev the Chopper (Minotaur Berserker)          Turns: 3127, Time: 00:04:06

Health: 0/61       AC:  3    Str: 24    XL:     7   Next: 9%
Magic:  6/6        EV: 10    Int:  4    God:    Trog [***...]
Gold:   291        SH:  9    Dex:  9    Spells: 6/6 levels left

rFire    . . .     SeeInvis .   a - +0 hand axe
rCold    . . .     Faith    .   c - +0 kite shield (curse)
rNeg     . . .     Spirit   .   d - +0 leather armour (curse)
rPois    .         Reflect  .   (helmet restricted)
rElec    .         Harm     .   (no cloak)
rCorr    .         Rampage  .   (no gloves)
Will     ++...                  (no boots)
Stlth    +.........             (no amulet)
HPRegen  1.20/turn              (no ring)
MPRegen  0.10/turn              (no ring)

@: lethally poisoned (0 -> -8), berserk cooldown, flying, regenerating, slowed,
very slow
A: retaliatory headbutt, horns 2
a: Renounce Religion, Berserk, Trog's Hand


You were on level 4 of the Dungeon.
You worshipped Trog.
Trog was most pleased with you.
You visited 1 branch of the dungeon, and saw 4 of its levels.

You collected 291 gold pieces.

Inventory:

Hand Weapons
 a - a +0 hand axe (weapon)
Armour
 c - a cursed +0 kite shield (worn)
 d - a cursed +0 leather armour (worn)
 j - a +0 scale mail
Wands
 l - a wand of digging (1)
 r - a wand of flame (12)
Scrolls
 e - 2 scrolls of immolation {unknown}
 g - 3 scrolls of fear {unknown}
 i - a scroll of enchant weapon {unknown}
 k - 2 scrolls of remove curse {unknown}
 m - a scroll of magic mapping {unknown}
 n - 2 scrolls of teleportation {unknown}
 o - a scroll of identify {unknown}
 q - a scroll of blinking {unknown}
Potions
 b - 2 potions of flight
 f - a potion of haste
 h - a potion of ambrosia {unknown}
 p - a potion of heal wounds {unknown}


   Skills:
 + Level 5.1 Fighting
 + Level 6.7 Axes
 + Level 3.9 Armour
 + Level 3.8 Dodging
 + Level 3.5 Shields


You had 6 spell levels left.
You didn't know any spells.
Your spell library was empty.

Dungeon Overview and Level Annotations

Branches:
Dungeon (4/15)
 Temple: D:4-7

Altars:
Ashenzari
Okawaru
Sif Muna


Innate Abilities, Weirdness & Mutations

You reflexively headbutt those who attack you in melee.
You have a pair of horns on your head.


Message History

The gnoll hits you with a +0 spear of venom!
* * * LOW HITPOINT WARNING * * *
You are more poisoned.
You block the gnoll's attack.
You hit the gnoll.
You kill the gnoll!
Trog accepts your kill.
* * * LOW HITPOINT WARNING * * *
You feel very sick.
* * * LOW HITPOINT WARNING * * *
You feel very sick.
You see here a +0 spear of venom.
Your skin crawls.
You feel strong-willed.
* * * LOW HITPOINT WARNING * * *
You feel very sick.
It was a potion of flight.
You feel very buoyant.
You fly up into the air.
You die...

##+##
##...##
##.....##
##.......##
#...).[..<#
+.@.......+
#.........#
##.....(.##
##.....##
##...##
##+##


There were no monsters in sight!

Vanquished Creatures
  Sigmund (D:2)
  Purgy (D:3)
  Jessica (D:2)
  Natasha (thrice) (D:3)
  3 adders
  7 gnolls
  An ooze (D:3)
  A dart slug (D:1)
  2 worms
  3 leopard geckos
  6 giant cockroaches
  8 goblins
  14 hobgoblins
  2 jackals (D:1)
  11 kobolds
  A quokka (D:3)
  17 bats
  5 frilled lizards
  8 rats
95 creatures vanquished.

Notes
Turn   | Place    | Note
-------+----------+-------------------------------------------
     0 | D:1      | dohliylev the Minotaur Berserker began the quest for the
                  | Orb.
     0 | D:1      | Reached XP level 1. HP: 19/19 MP: 0/0
    17 | D:1      | Reached XP level 2. HP: 27/27 MP: 1/1
   109 | D:1      | Reached skill level 4 in Axes
   357 | D:1      | Reached XP level 3. HP: 28/33 MP: 2/2
   397 | D:1      | Reached ** piety under Trog
   852 | D:2      | Noticed Jessica
   852 | D:2      | Found a broken altar of Ashenzari.
   857 | D:2      | Killed Jessica
   858 | D:2      | Reached skill level 1 in Shields
   858 | D:2      | Reached XP level 4. HP: 41/41 MP: 3/3
   898 | D:2      | Reached skill level 5 in Axes
  1040 | D:2      | Noticed Sigmund
  1047 | D:2      | Killed Sigmund
  1048 | D:2      | Reached XP level 5. HP: 44/47 MP: 4/4
  1201 | D:2      | Reached XP level 6. HP: 55/55 MP: 5/5
  1454 | D:3      | Noticed Purgy
  1462 | D:3      | Killed Purgy
  1463 | D:3      | Reached skill level 6 in Axes
  1468 | D:3      | Reached *** piety under Trog
  1520 | D:3      | Found an iron altar of Okawaru.
  1526 | D:3      | Noticed Natasha
  1537 | D:3      | Killed Natasha
  1845 | D:3      | Found a shimmering blue altar of Sif Muna.
  2033 | D:3      | Reached skill level 5 in Fighting
  2709 | D:3      | Noticed Natasha
  2718 | D:3      | Killed Natasha
  2918 | D:3      | Noticed Natasha
  2928 | D:3      | Killed Natasha
  2929 | D:3      | Reached XP level 7. HP: 61/61 MP: 6/6
  3126 | D:4      | HP: 2/61 [poisoned by a gnoll]
  3127 | D:4      | Succumbed to a gnoll's poison

Illustrated notes

Levels and vault maps discovered:
D:1:      dpeg_arrival_windows_large_door, layout_basic, minmay_tetromino_l4
D:2:      layout_basic, ashenzari_altar_1, hangedman_decor_push, uniq_sigmund,
          uniq_jessica
D:3:      kennysheep_six_static_rooms, layout_loops_corners, old_standard_altar,
          minmay_misc_feat_x, grunt_ministairs_3, okawaru_ov_weapons_minmay,
          uniq_natasha, uniq_purgy
D:4:      layout_loops_corners, amcnicky_altar_gilded, uniq_robin

Skill      XL: |  1  2  3  4  5  6 |
---------------+-------------------+-----
Fighting       | 4 5 |  5.1
Axes           | 4 5 6 |  6.7
Shields        | 1 2 3 |  3.5
Armour         | 3 |  3.9
Dodging        | 3 |  3.8

Action                   |  1- 3 |  4- 6 |  7- 9 || total
-------------------------+-------+-------+-------++-------
Melee: Hand axe          |    92 |    99 |    11 ||   202
       Headbutt          |    10 |    24 |     1 ||    35
Invok: Berserk           |     2 |     4 |     1 ||     7
       Trog's Hand       |       |     1 |     1 ||     2
  Use: Potion            |       |       |     1 ||     1
 Stab: Sleeping          |     1 |       |       ||     1
Armor: Animal skin       |     2 |       |       ||     2
       Leather armour    |    18 |    12 |     1 ||    31
Dodge: Dodged            |    48 |    54 |     2 ||   104
Block: Kite shield       |    29 |    49 |    10 ||    88
